 Dungeon Crawl Stone Soup version 0.21.1-1-g345015f (webtiles) character file.

15 Iko the Sneak (level 2, -4/26 HPs)
             Began as a Gnoll Assassin on May 31, 2018.
             Killed from afar by an orc wizard (6 damage)
             ... with a magic dart
             ... on level 3 of the Dungeon.
             The game lasted 00:04:34 (374 turns).

Iko the Sneak (Gnoll Assassin)                       Turns: 374, Time: 00:04:35

Health: -4/26      AC:  3    Str: 13    XL:     2   Next: 50%
Magic:  2/2        EV: 13    Int: 13    God:
Gold:   99         SH:  0    Dex: 16    Spells: 1/1 levels left

rFire    . . .     SeeInvis .   j - +0 flail
rCold    . . .     Gourm    .   (no shield)
rNeg     . . .     Faith    .   c - +0 robe
rPois    .         Spirit   .   (no helmet)
rElec    .         Reflect  .   d - +0 cloak
rCorr    .         Harm     .   (no gloves)
MR       .....                  (no boots)
Stlth    ++++......             (no amulet)
HPRegen  0.08/turn              (no ring)
MPRegen  0.08/turn              (no ring)

@: slowed, very slow
A: distributed training, fangs 1, strong nose
a: no special abilities


You were on level 3 of the Dungeon.
You were not hungry.

You visited 1 branch of the dungeon, and saw 4 of its levels.

You collected 99 gold pieces.

Inventory:

Hand Weapons
 b - a +0 blowgun
 j - a +0 flail (weapon)
Missiles
 e - 5 poisoned needles
 f - 2 curare-tipped needles
Armour
 c - a +0 robe (worn)
 d - a +0 cloak (worn)
Potions
 a - a potion of haste
 i - a potion of curing {unknown}
 k - a potion of cancellation {unknown}
Comestibles
 g - 4 rations


   Skills:
 + Level 4.5 Fighting
 + Level 4.5 Short Blades
 + Level 0.4 Long Blades
 + Level 0.4 Axes
 + Level 0.4 Maces & Flails
 + Level 0.4 Polearms
 + Level 0.4 Staves
 + Level 0.4 Slings
 + Level 0.4 Bows
 + Level 0.4 Crossbows
 + Level 4.5 Throwing
 + Level 0.4 Armour
 + Level 2.5 Dodging
 + Level 7.7 Stealth
 + Level 0.4 Shields
 + Level 0.4 Unarmed Combat
 + Level 0.4 Spellcasting
 + Level 0.2 Conjurations
 + Level 0.2 Hexes
 + Level 0.2 Charms
 + Level 0.2 Summonings
 + Level 0.2 Necromancy
 + Level 0.2 Translocations
 + Level 0.2 Transmutations
 + Level 0.2 Fire Magic
 + Level 0.2 Ice Magic
 + Level 0.2 Air Magic
 + Level 0.2 Earth Magic
 + Level 0.2 Poison Magic
 + Level 0.5 Invocations
 + Level 0.4 Evocations


You had one spell level left.
You didn't know any spells.

Dungeon Overview and Level Annotations

Branches:
Dungeon (4/15)
 Temple: D:4-7

Altars:

Annotations:
D:3 1 transporter


Innate Abilities, Weirdness & Mutations

Your experience applies equally to all skills.
You have very sharp teeth.
Your uncanny sense of smell can sniff out nearby items.


Message History

The orc wizard hits you with a dagger.
The orc wizard gestures wildly while chanting.
The orc wizard blinks!
The orc hits you with a club.
Firing (i - inventory. (,) - cycle):
e - 6 poisoned needles (quivered)
Press: ? - help, Shift-Dir - straight line, f - orc
Aim: an orc, wielding a club You shoot a poisoned needle.
The poisoned needle barely misses the orc.
The orc wizard points at you and mumbles some strange words.
The magic dart hits you! The orc misses you.
The orc wizard points at you and mumbles some strange words.
The magic dart hits you!
* * * LOW HITPOINT WARNING * * *
j - a +0 flail (weapon)
The orc barely misses you.
You hit the orc.
The orc is lightly wounded.
The orc wizard casts a spell at you. The magic dart hits you!
You die...

#....#8.©.8#.#,*******,,**
#....#######.*,* *,,* ###
#.......©...,*,* *,** ..#
#...#**...#***,* ***_***
#.######...####.#* *,* *,***,*
#.#.............## *,*****,,,,,*
................(#***,,,,,,,,,,,*
#.#............>o#*,*,,,***,,,,,*
..######...#####@#,*,,,,,**,,,,,*
#.# #...# #..#*,,,,,********
#.######...# ###o#,,,,,**,,,*
#.##.......#** *#.#,,,***,,,*
#.##.##......# *.#**** *,,,*
...#<##$#..#.# *,# *,,,***
.#.#.##....#.#*****,** **,,,,,,
...#.##.#...,.,,,,,,,*****,,,,***
...†.##$*..#.*#,,*,*,,,,,,,*,**


You could see an orc wizard and an orc.

Vanquished Creatures
  3 orcs (D:3)
  A ball python (D:1)
  A giant cockroach (D:1)
  A hobgoblin (D:1)
  A quokka (D:3)
  2 frilled lizards (D:1)
  3 rats
12 creatures vanquished.

Vanquished Creatures (others)
  An adder (D:2)
  A leopard gecko (D:2)
  2 bats (D:2)
  2 jackals (D:2)
6 creatures vanquished.

Grand Total: 18 creatures vanquished

Notes
Turn   | Place    | Note
-------+----------+-------------------------------------------
     0 | D:1      | Iko the Gnoll Assassin began the quest for the Orb.
     0 | D:1      | Reached XP level 1. HP: 20/20 MP: 1/1
   214 | D:3      | Reached XP level 2. HP: 26/26 MP: 2/2
   368 | D:3      | Found a transporter.
   374 | D:3      | Killed from afar by an orc wizard

Action                   || total
-------------------------++-------
Melee: Dagger            ||    11
       Whip              ||     5
       Bite              ||     1
       Flail             ||     1
 Fire: Blowgun           ||    23
  Use: Scroll            ||     4
Armor: Robe              ||     4
Dodge: Dodged            ||    17
